 Dungeon Crawl Stone Soup version 0.28-a0-655-g4eb62b627b (webtiles) character file.

Game seed: 11090341342612793294

203 sleeves the Chopper (level 5, -3/61 HPs)
             Began as a Demonspawn Fighter on Oct 12, 2021.
             Was a Believer of Trog.
             Slain by an ogre (12 damage)
             ... on level 4 of the Dungeon.
             The game lasted 00:03:02 (3137 turns).

sleeves the Chopper (Demonspawn Fighter)            Turns: 3137, Time: 00:03:03

Health: -3/61      AC:  7    Str: 18    XL:     5   Next: 51%
Magic:  5/5        EV:  9    Int:  9    God:    Trog [**....]
Gold:   134        SH:  8    Dex: 12    Spells: 4/4 levels left

rFire   . . .      SeeInvis .   a - +0 war axe
rCold   . . .      Faith    .   c - +0 buckler
rNeg    . . .      Spirit   .   b - +0 scale mail
rPois   .          Reflect  .   (no helmet)
rElec   .          Harm     .   (no cloak)
rCorr   .          Rampage  .   l - +0 pair of gloves
Will    .....                   (no boots)
Stlth   ..........              (no amulet)
HPRegen 0.20/turn               (no ring)
MPRegen 0.09/turn               (no ring)

@: mighty, berserking, very quick
A: condensation shield, demonic touch 1
a: Renounce Religion, Berserk, Trog's Hand


You were on level 4 of the Dungeon.
You worshipped Trog.
Trog was pleased with you.
You visited 1 branch of the dungeon, and saw 4 of its levels.

You collected 134 gold pieces.

Inventory:

Hand Weapons
 a - a +0 war axe (weapon)
Armour
 b - a +0 scale mail (worn)
 c - a +0 buckler (worn)
 l - a +0 pair of gloves (worn)
   (You found it on level 4 of the Dungeon)
Jewellery
 k - a ring of protection from fire
   (You found it on level 4 of the Dungeon)
Scrolls
 h - a scroll of enchant armour {unknown}
 i - 2 scrolls of identify {unknown}
Potions
 e - a potion of flight {unknown}
 f - a potion of magic {unknown}
 g - 3 potions of heal wounds {unknown}
 j - a potion of attraction {unknown}
 m - a potion of lignification {unknown}


   Skills:
 - Level 3.0 Fighting
 + Level 5.3 Axes
 - Level 2.6 Armour
 - Level 2.6 Shields


You had 4 spell levels left.
You didn't know any spells.
Your spell library was empty.

Dungeon Overview and Level Annotations

Branches:
Dungeon (4/15)
 Temple: D:4-7

Altars:
Qazlal
Trog

Shops:
D:1 [


Innate Abilities, Weirdness & Mutations

A meltable shield of frost defends you. (SH +4)
Your touch may inflict minor irresistible damage on your foes.


Message History

There is a stone staircase leading up here.
Found a stone staircase leading down.
Found a book of Armaments.
No target in view!
No target in view!
Found a chain mail.
A worm comes into view.
A rat comes into view.
The worm bites you.
You hit the worm.
The worm is lightly wounded.
The worm bites you but does no damage.
You hit the worm but do no damage.
The worm is lightly wounded.
You slash the worm!
The worm is heavily wounded.
You block the worm's attack.
You hit the worm.
The worm is severely wounded.
The worm closely misses you.
You hit the worm.
The worm is severely wounded.
The worm barely misses you.
You hit the worm but do no damage.
The worm is severely wounded.
You hit the rat.
You kill the rat!
Trog accepts your kill. The worm barely misses you.
You slash the worm!
You kill the worm!
Trog accepts your kill.
No target in view!
No target in view!
No target in view!
HP restored.
You see here a rat corpse.
You now have 28 gold pieces (gained 11).
You now have 34 gold pieces (gained 6).
An adder comes into view.
An adder is nearby!
An adder is nearby!
You closely miss the adder. The adder bites you but does no damage.
You closely miss the adder. The adder barely misses you.
You block the adder's attack.
You hit the adder.
The adder is heavily wounded.
You block the adder's attack. The adder completely misses you.
You closely miss the adder.
The adder is heavily wounded.
You block the adder's attack. The adder barely misses you.
You miss the adder.
The adder is heavily wounded.
The adder bites you but does no damage. The adder closely misses you.
You barely miss the adder.
The adder is heavily wounded.
You block the adder's attack.
You miss the adder.
The adder is heavily wounded.
The adder bites you. The adder bites you but does no damage.
You slash the adder!
You kill the adder!
Trog accepts your kill.
No target in view!
No target in view!
No target in view!
No target in view!
No target in view!
Found 28 sling bullets and a hand axe.
An endoplasm comes into view.
The endoplasm quivers.
An endoplasm is nearby!
You hit the endoplasm.
The endoplasm is lightly wounded.
The endoplasm hits you but does no damage.
You hit the endoplasm.
The endoplasm is heavily wounded.
The endoplasm barely misses you.
You hit the endoplasm but do no damage.
The endoplasm is heavily wounded.
The endoplasm freezes you.
You are frozen.
The endoplasm freezes you.
You are frozen.
You hit the endoplasm.
You kill the endoplasm!
Trog accepts your kill.
No target in view!
No target in view!
No target in view!
No target in view!
No target in view!
No target in view!
No target in view!
Found a stone staircase leading down.
An endoplasm comes into view.
The endoplasm quivers.
An endoplasm is nearby!
You slash the endoplasm!
You kill the endoplasm!
Trog accepts your kill.
You have reached level 4!
You feel stronger.
There is a stone staircase leading down here.
You see here 28 sling bullets.
A jackal comes into view.
A jackal is nearby!
A jackal is nearby!
A jackal comes into view.
The jackal barks!
A jackal comes into view.
The jackal moves out of view.
The jackal barks!
You slash the jackal!
You kill the jackal!
Trog accepts your kill.
You hear a shout!
A jackal comes into view.
Your Axes skill increases to level 4!
The jackal barely misses you.
You see here a jackal corpse.
You closely miss the jackal. The jackal bites you.
You closely miss the jackal. You block the jackal's attack.
The jackal barely misses you.
You closely miss the jackal. You block the jackal's attack.
A hobgoblin comes into view.
The jackal bites you.
You slash the jackal!
You kill the jackal!
Trog accepts your kill. The jackal barely misses you.
You closely miss the jackal.
The jackal bites you but does no damage.
The jackal barely misses you.
You barely miss the jackal.
The jackal bites you but does no damage. x2
You barely miss the jackal.
The jackal bites you but does no damage. x2
There are monsters nearby!
There are monsters nearby!
There are monsters nearby!
You hit the jackal.
The jackal is severely wounded.
You block the jackal's attack.
The jackal bites you but does no damage.
You hit the jackal but do no damage.
The jackal is severely wounded.
You block the jackal's attack.
The jackal bites you but does no damage.
You slash the jackal!
You kill the jackal!
Trog accepts your kill. The jackal bites you.
You slash the jackal!
You kill the jackal!
Trog accepts your kill. You block the hobgoblin's attack.
You closely miss the hobgoblin. The hobgoblin hits you.
You barely miss the hobgoblin.
The hobgoblin hits you but does no damage.
You closely miss the hobgoblin. The hobgoblin hits you.
The hobgoblin barely misses you.
You are too injured to fight recklessly!
You are too injured to fight recklessly!
You are too injured to fight recklessly!
You are too injured to fight recklessly!
You are too injured to fight recklessly!
You are too injured to fight recklessly!
You are too injured to fight recklessly!
You are too injured to fight recklessly!
You are too injured to fight recklessly!
You are too injured to fight recklessly!
You are too injured to fight recklessly!
You are too injured to fight recklessly!
A hobgoblin is nearby!
A hobgoblin is nearby!
A hobgoblin is nearby!
You hit the hobgoblin.
The hobgoblin is moderately wounded.
You block the hobgoblin's attack.
You barely miss the hobgoblin.
The hobgoblin is moderately wounded.
The hobgoblin hits you but does no damage.
You completely miss the hobgoblin.
The hobgoblin is moderately wounded.
The hobgoblin closely misses you. You block the hobgoblin's attack.
You slash the hobgoblin!
You kill the hobgoblin!
Trog accepts your kill.
Things that are here:
a hobgoblin corpse; a jackal corpse; a jackal corpse
Found a stone staircase leading up.
A kobold comes into view. It is wielding a +0 dagger.
A kobold is nearby!
A kobold is nearby!
A ball python comes into view.
Found a stone staircase leading down.
The ball python hisses angrily.
The kobold shouts!
You hear a shout!
The ball python moves out of view.
A goblin comes into view. It is wielding a +0 dagger.
The goblin shouts!
The kobold throws a stone.
The stone hits you but does no damage.
An endoplasm comes into view.
The endoplasm quivers.
A giant cockroach comes into view.
You block the ball python's attack. The ball python completely misses you.
The kobold hits you but does no damage.
You closely miss the ball python. You closely miss the kobold.
You block the ball python's attack. The ball python grabs you.
The ball python constricts you. The kobold hits you with a +0 dagger.
You block the ball python's attack. The ball python constricts you.
You barely miss the ball python. You barely miss the kobold.
The kobold barely misses you. The ball python barely misses you.
The ball python constricts you. The kobold hits you but does no damage.
The giant cockroach waves its antennae.
You slash the ball python!
You kill the ball python!
Trog accepts your kill.
You hit the kobold but do no damage. The kobold hits you but does no damage.
You block the goblin's attack.
You barely miss the goblin. You closely miss the kobold.
You block the kobold's attack. You block the goblin's attack.
You barely miss the goblin. You barely miss the kobold.
Your scale mail prevents you from hitting the endoplasm.
You block the kobold's attack. The endoplasm hits you.
You block the goblin's attack. The kobold barely misses you.
The endoplasm hits you.
You closely miss the goblin. You slash the endoplasm!
You kill the endoplasm!
Trog accepts your kill.
You hit the kobold. The goblin closely misses you.
The kobold hits you but does no damage. You block the goblin's attack.
You closely miss the kobold.
The kobold is moderately wounded.
You slash the goblin!
You kill the goblin!
Trog accepts your kill. You block the kobold's attack.
The kobold closely misses you.
You slash the kobold!
You kill the kobold!
Trog accepts your kill.
You barely miss the giant cockroach. You block the giant cockroach's attack.
The giant cockroach completely misses you.
A giant cockroach is nearby!
A giant cockroach is nearby!
A giant cockroach is nearby!
You closely miss the giant cockroach.
The giant cockroach bites you but does no damage.
The giant cockroach closely misses you.
You slash the giant cockroach!
You kill the giant cockroach!
Trog accepts your kill.
No target in view!
No target in view!
A goblin comes into view. It is wielding a +0 club.
A goblin is nearby!
A goblin is nearby!
A goblin is nearby!
The goblin shouts!
Things that are here:
a +0 dagger; 24 stones; 14 gold pieces You slash the goblin!
You kill the goblin!
Trog accepts your kill.
An endoplasm comes into view.
Things that are here:
a +0 club; a goblin corpse A kobold comes into view.
It is wielding a +0 club.
The kobold shouts!
You hit the endoplasm.
The endoplasm is almost dead.
The endoplasm barely misses you.
You hit the endoplasm.
You kill the endoplasm!
Trog accepts your kill.
You barely miss the kobold. You block the kobold's attack.
You hit the kobold but do no damage. The kobold hits you with a +0 club.
You barely miss the kobold. The kobold hits you but does no damage.
You block the kobold's attack.
You closely miss the kobold. The kobold hits you with a +0 club.
You barely miss the kobold. You block the kobold's attack.
You hit the kobold.
The kobold is moderately wounded.
The kobold hits you but does no damage. The kobold hits you with a +0 club.
A kobold is nearby!
A kobold is nearby!
A kobold is nearby!
You closely miss the kobold.
The kobold is moderately wounded.
The kobold hits you with a +0 club.
You closely miss the kobold.
The kobold is moderately wounded.
You block the kobold's attack.
You slash the kobold!
You kill the kobold!
Trog accepts your kill.
You can now call upon Trog for regeneration and willpower.
No target in view!
No target in view!
No target in view!
No target in view!
No target in view!
Things that are here:
a +0 club; a kobold corpse You now have 48 gold pieces (gained 14).
Things that are here:
a +0 dagger; 24 stones
Things that are here:
a +0 dagger; a giant cockroach corpse; a ball python corpse
Things that are here:
a +0 dagger; 24 stones An endoplasm comes into view.
An endoplasm is nearby!
The endoplasm quivers.
You slash the endoplasm!
You kill the endoplasm!
Trog accepts your kill.
No target in view!
No target in view!
No target in view!
No target in view!
No target in view!
No target in view!
No target in view!
No target in view!
No target in view!
Found a book of Debilitation.
Found 29 bolts.
Things that are here:
a +0 club; a kobold corpse
Things that are here:
a +0 club; a goblin corpse
Things that are here:
a +0 dagger; a ball python skeleton
There is a stone staircase leading up here.
Key pressed, stopping explore.
No target in view!
No target in view!
No target in view!
No target in view!
A dart slug comes into view.
The dart slug launches a dart at you.
The slug dart hits you but does no damage.
A dart slug is nearby!
A dart slug is nearby!
A dart slug is nearby!
You slash the dart slug!
The dart slug is severely wounded.
The dart slug launches a dart at you. The slug dart misses you.
You hit the dart slug.
You kill the dart slug!
Trog accepts your kill.
No target in view!
No target in view!
No target in view!
No target in view!
No target in view!
No target in view!
i - a scroll labelled PIAHOK CITY You see here a +0 chain mail.
An adder comes into view.
An adder is nearby!
You barely miss the adder. The adder barely misses you. The adder bites you.
You are poisoned.
The adder poisons you!
You hit the adder but do no damage.
You feel very sick. The adder closely misses you.
You closely miss the adder.
You feel sick. You block the adder's attack.
The adder bites you but does no damage.
You completely miss the adder.
You feel sick. The adder barely misses you. The adder bites you.
You are more poisoned.
The adder poisons you!
You barely miss the adder.
You feel sick. You block the adder's attack. x2
You miss the adder.
You feel sick. The adder bites you.
An adder is nearby!
An adder is nearby!
An adder is nearby!
You are too injured to fight recklessly!
You hit the adder but do no damage.
You feel sick. The adder closely misses you. x2
You hit the adder.
The adder is heavily wounded.
You feel sick. The adder bites you but does no damage.
The adder closely misses you.
You slash the adder!
You kill the adder!
Trog accepts your kill.
You feel sick.
You are no longer poisoned.
You see here an adder corpse.
Found a stone staircase leading up.
There is a stone staircase leading up here.
A worm comes into view.
A worm is nearby!
A worm is nearby!
You hit the worm.
The worm is lightly wounded.
You block the worm's attack.
You hit the worm.
The worm is heavily wounded.
The worm bites you!
You hit the worm.
The worm is heavily wounded.
The worm bites you!
You are too injured to fight recklessly!
You are too injured to fight recklessly!
You are too injured to fight recklessly!
You are too injured to fight recklessly!
You are too injured to fight recklessly!
You are too injured to fight recklessly!
You are too injured to fight recklessly!
You are too injured to fight recklessly!
You are too injured to fight recklessly!
A worm is nearby!
A worm is nearby!
You barely miss the worm.
The worm is heavily wounded.
You block the worm's attack.
You hit the worm.
The worm is severely wounded.
You slash the worm!
You kill the worm!
Trog accepts your kill.
Done exploring.
Done exploring.
Done exploring.
No target in view!
(D) Dungeon
Where to? (Enter - D:2, ? - help)
There is a stone staircase leading up here.
There is a stone staircase leading down here.
You climb downwards.
The ball python hisses angrily.
The hobgoblin shouts!
You hear an angry hiss.
Found a stone staircase leading down.
There is a stone staircase leading up here.
There are monsters nearby!
There are monsters nearby!
There are monsters nearby!
There are monsters nearby!
There are monsters nearby!
A quokka comes into view.
The hobgoblin hits you.
You barely miss the hobgoblin.
An adder comes into view.
The hobgoblin hits you but does no damage.
You barely miss the hobgoblin. The hobgoblin closely misses you.
You hit the ball python.
You kill the ball python!
Trog accepts your kill.
Your scale mail prevents you from hitting the hobgoblin.
The hobgoblin closely misses you. You block the hobgoblin's attack.
You closely miss the hobgoblin. You closely miss the quokka.
The quokka bites you. You block the hobgoblin's attack.
You slash the hobgoblin!
You kill the hobgoblin!
Trog accepts your kill.
You closely miss the quokka. You block the quokka's attack.
The quokka barely misses you. You block the adder's attack.
You hit the adder.
The adder is moderately wounded.
You hit the quokka but do no damage. The adder bites you but does no damage.
The quokka barely misses you. The adder bites you but does no damage.
You closely miss the adder.
The adder is moderately wounded.
You closely miss the quokka. The quokka barely misses you.
The adder barely misses you. You block the quokka's attack.
A frilled lizard comes into view.
You miss the adder.
The adder is moderately wounded.
You closely miss the quokka. The adder bites you.
The quokka bites you but does no damage.
The adder barely misses you. The quokka closely misses you.
You closely miss the adder.
The adder is moderately wounded.
You miss the quokka. You block the adder's attack.
You block the quokka's attack. The adder bites you but does no damage.
You hit the adder.
The adder is heavily wounded.
You barely miss the quokka. You block the quokka's attack.
The adder bites you but does no damage.
The quokka bites you but does no damage.
You barely miss the adder.
The adder is heavily wounded.
You barely miss the quokka. You block the adder's attack.
The quokka twitches its whiskers.
The quokka bites you but does no damage.
You block the adder's attack.
You slash the adder!
You kill the adder!
Trog accepts your kill.
You hit the quokka. You block the quokka's attack.
The quokka bites you but does no damage.
You hit the quokka.
The quokka is heavily wounded.
You barely miss the frilled lizard. The quokka closely misses you.
The frilled lizard barely misses you. You block the quokka's attack.
You slash the quokka!
You kill the quokka!
Trog accepts your kill.
You closely miss the frilled lizard. You block the frilled lizard's attack.
You slash the frilled lizard!
You kill the frilled lizard!
Trog accepts your kill.
No target in view!
No target in view!
No target in view!
No target in view!
HP restored.
Found a ring mail.
Things that are here:
an adder corpse; a hobgoblin corpse No target in view!
Found a stone staircase leading up.
g - 2 inky potions (gained 1)
j - a smoky grey potion An adder comes into view.
The adder hisses angrily.
You slash the adder!
You kill the adder!
Trog accepts your kill.
No target in view!
No target in view!
No target in view!
No target in view!
No target in view!
No target in view!
No target in view!
No target in view!
No target in view!
No target in view!
No target in view!
No target in view!
No target in view!
No target in view!
No target in view!
No target in view!
You now have 56 gold pieces (gained 8).
You see here an adder corpse.
A quokka comes into view.
The quokka moves out of view.
A rat, a quokka and a hound come into view.
Found a robe.
The hound barks!
There are monsters nearby!
There are monsters nearby!
You hit the quokka but do no damage. You block the quokka's attack.
The quokka closely misses you.
Your scale mail prevents you from hitting the quokka.
A dart slug comes into view.
The hound pauses to sniff the ground.
An adder comes into view.
The quokka twitches its whiskers.
The quokka bites you but does no damage.
The adder hisses angrily.
You hit the quokka but do no damage. You block the quokka's attack.
The hound barely misses you.
The quokka twitches its whiskers.
The quokka bites you but does no damage.
You hit the hound.
The hound is moderately wounded.
You slash the quokka!
You kill the quokka!
Trog accepts your kill. The hound barely misses you. x2
You barely miss the hound.
The hound is moderately wounded.
You hit the dart slug. The hound closely misses you.
The dart slug launches a dart at you.
The slug dart hits you but does no damage.
The hound bites you but does no damage.
You slash the dart slug!
You kill the dart slug!
Trog accepts your kill.
You slash the adder! You slash the hound! The hound misses you.
The hound closely misses you. You block the adder's attack.
The rat bites you but does no damage.
You slash the hound!
You kill the hound!
Trog accepts your kill.
You hit the rat. You closely miss the adder. You block the adder's attack.
The adder bites you but does no damage. The rat bites you but does no damage.
Your Axes skill increases to level 5!
You have reached level 5!
You miss the adder.
The adder is almost dead.
You hit the rat but do no damage. The adder bites you.
The rat barely misses you. The adder bites you.
You are poisoned.
The adder poisons you!
You miss the adder.
The adder is almost dead.
You hit the rat.
You kill the rat!
Trog accepts your kill.
You feel sick. You block the adder's attack.
You slash the adder!
You kill the adder!
Trog accepts your kill.
You feel sick.
No target in view!
No target in view!
No target in view!
No target in view!
No target in view!
No target in view!
No target in view!
No target in view!
No target in view!
No target in view!
No target in view!
No target in view!
No target in view!
No target in view!
No target in view!
No target in view!
No target in view!
No target in view!
No target in view!
No target in view!
You feel sick.
You feel sick.
You feel sick.
You are no longer poisoned.
A ball python comes into view.
A ball python is nearby!
A ball python is nearby!
A ball python is nearby!
A ball python is nearby!
A ball python comes into view.
Found a dagger.
Found an escape hatch in the ceiling.
Found a stone staircase leading down.
The ball python hisses angrily.
A dart slug comes into view.
Things that are here:
a rat corpse; a dart slug corpse; a quokka corpse The dart slug launches a dart at you.
The slug dart hits you. You block the ball python's attack. x2
You closely miss the ball python. The ball python closely misses you.
The ball python barely misses you.
You barely miss the ball python. You hit the ball python.
You kill the ball python!
Trog accepts your kill. You block the ball python's attack.
The ball python grabs you. The ball python constricts you.
You block the ball python's attack. The ball python constricts you.
You closely miss the ball python. The ball python barely misses you.
The ball python constricts you. You block the ball python's attack.
The ball python constricts you.
Your scale mail prevents you from hitting the ball python.
You block the ball python's attack. The ball python constricts you.
Your scale mail prevents you from hitting the ball python.
You hit the dart slug. The ball python barely misses you.
The ball python constricts you. You block the ball python's attack.
The ball python constricts you. The dart slug barely misses you.
You hit the ball python.
You kill the ball python!
Trog accepts your kill.
You hit the dart slug. You block the dart slug's attack.
You hit the dart slug but do no damage.
The dart slug is severely wounded.
You block the dart slug's attack.
You slash the dart slug!
You kill the dart slug!
Trog accepts your kill.
No target in view!
No target in view!
No target in view!
No target in view!
No target in view!
No target in view!
No target in view!
No target in view!
No target in view!
No target in view!
No target in view!
No target in view!
No target in view!
No target in view!
No target in view!
No target in view!
No target in view!
No target in view!
No target in view!
No target in view!
A worm comes into view.
You see here a ball python corpse.
A worm is nearby!
A worm is nearby!
A worm is nearby!
A worm is nearby!
The worm barely misses you.
You hit the worm.
The worm is moderately wounded.
The worm bites you!
You slash the worm!
The worm is severely wounded.
You block the worm's attack.
You hit the worm but do no damage.
The worm is severely wounded.
You hit the worm.
The worm is almost dead.
The worm bites you but does no damage.
You slash the worm!
You kill the worm!
Trog accepts your kill.
No target in view!
No target in view!
No target in view!
No target in view!
Key pressed, stopping explore.
A worm comes into view.
Found a stormy altar of Qazlal.
A worm is nearby!
A worm is nearby!
You hit the worm but do no damage. You block the worm's attack.
You hit the worm but do no damage. You block the worm's attack.
You hit the worm but do no damage. The worm bites you.
You slash the worm!
The worm is heavily wounded.
You completely miss the worm.
The worm is heavily wounded.
The worm bites you.
You hit the worm.
The worm is severely wounded.
You block the worm's attack.
You hit the worm.
The worm is almost dead.
The worm barely misses you.
You barely miss the worm.
The worm is almost dead.
You slash the worm!
You kill the worm!
Trog accepts your kill.
No target in view!
No target in view!
Key pressed, stopping explore.
You see here a +0 dagger.
You see here a ball python skeleton.
You now have 71 gold pieces (gained 15).
Found a stone staircase leading down.
You now have 90 gold pieces (gained 19).
Found an escape hatch in the floor.
No target in view!
No target in view!
A rat comes into view.
A rat is nearby!
A rat is nearby!
A rat is nearby!
The rat barely misses you.
You slash the rat!
You kill the rat!
Trog accepts your kill.
No target in view!
No target in view!
No target in view!
No target in view!
No target in view!
No target in view!
No target in view!
No target in view!
A bat comes into view.
A bat is nearby!
A bat is nearby!
The bat closely misses you.
You slash the bat!
You kill the bat!
Trog accepts your kill.
No target in view!
No target in view!
No target in view!
No target in view!
No target in view!
No target in view!
No target in view!
No target in view!
No target in view!
No target in view!
No target in view!
No target in view!
No target in view!
Found a stone staircase leading up.
There is a stone staircase leading up here.
A hobgoblin comes into view.
The hobgoblin shouts!
A hobgoblin is nearby!
A hobgoblin is nearby!
The hobgoblin hits you.
You slash the hobgoblin!
You kill the hobgoblin!
Trog accepts your kill.
No target in view!
No target in view!
No target in view!
No target in view!
No target in view!
No target in view!
Done exploring.
Done exploring.
Done exploring.
Done exploring.
Done exploring.
No target in view!
No target in view!
Done exploring.
Done exploring.
Done exploring.
(D) Dungeon
Where to? (Enter - D:3, ? - help)
There is a stone staircase leading down here.
You climb downwards.
There is a stone staircase leading up here.
An endoplasm comes into view.
Found an escape hatch in the floor.
Found a stone staircase leading down.
The endoplasm quivers.
An endoplasm is nearby!
An endoplasm is nearby!
Found 4 gold pieces.
A ball python comes into view.
The ball python hisses angrily.
An adder skeleton comes into view.
The endoplasm hits you but does no damage.
You hit the endoplasm.
The endoplasm is heavily wounded.
You block the endoplasm's attack. You block the adder skeleton's attack.
You slash the endoplasm!
You kill the endoplasm!
Trog accepts your kill.
You hit the adder skeleton. You block the adder skeleton's attack.
You slash the adder skeleton!
The adder skeleton is heavily damaged.
You closely miss the ball python. You block the ball python's attack.
The ball python grabs you. The ball python constricts you.
The adder skeleton barely misses you. The ball python bites you.
The ball python constricts you.
You barely miss the ball python. You hit the adder skeleton.
The adder skeleton barely misses you. You block the ball python's attack.
The ball python constricts you. The adder skeleton bites you.
You hit the ball python.
You kill the ball python!
Trog accepts your kill.
You hit the adder skeleton.
You destroy the adder skeleton!
Trog accepts your kill.
No target in view!
No target in view!
No target in view!
No target in view!
No target in view!
No target in view!
HP restored.
Found a stone staircase leading down.
There is a stone staircase leading down here.
You now have 94 gold pieces (gained 4).
You now have 106 gold pieces (gained 12).
i - 2 scrolls labelled PIAHOK CITY (gained 1)
Found a stone staircase leading up.
You now have 118 gold pieces (gained 12).
k - a ring of protection from fire No target in view!
No target in view!
No target in view!
No target in view!
No target in view!
An adder comes into view.
The adder hisses angrily.
An adder is nearby!
An adder is nearby!
An adder is nearby!
The adder bites you.
You closely miss the adder. The adder bites you but does no damage.
You slash the adder!
You kill the adder!
Trog accepts your kill.
No target in view!
No target in view!
No target in view!
No target in view!
No target in view!
You see here an adder corpse.
l - a +0 pair of gloves
Found a flail.
You start putting on your armour.
You continue putting on your +0 pair of gloves. x4
You finish putting on your +0 pair of gloves.
Found 28 bolts.
A kobold comes into view. It is wielding a +0 dagger.
A kobold is nearby!
A kobold is nearby!
The kobold shouts!
The kobold throws a stone.
The stone barely misses you. The kobold hits you but does no damage.
You hit the kobold.
You kill the kobold!
Trog accepts your kill.
No target in view!
No target in view!
No target in view!
No target in view!
No target in view!
No target in view!
No target in view!
No target in view!
Items here: (( ) †.
Found a tower shield.
An endoplasm comes into view.
Found 8 gold pieces.
The endoplasm quivers.
An endoplasm is nearby!
Found an inky potion.
The endoplasm hits you but does no damage.
You slash the endoplasm!
You kill the endoplasm!
Trog accepts your kill.
No target in view!
No target in view!
No target in view!
No target in view!
No target in view!
No target in view!
No target in view!
No target in view!
You now have 126 gold pieces (gained 8).
Found an escape hatch in the ceiling.
Found a leather armour.
m - a sedimented cyan potion
g - 3 inky potions (gained 1)
There is an escape hatch in the ceiling here.
You now have enough gold to buy a glowing hat on D:1.
You can access your shopping list by pressing '$'.
You now have 134 gold pieces (gained 8).
A ball python and an endoplasm come into view.
The endoplasm quivers.
A centaur comes into view.
The centaur shouts!
You hear a shout!
Found a scroll labelled XYWNEI ILILA.
An ogre comes into view. It is wielding a +0 giant club.
You closely miss the ball python.
The centaur wields a +0 shortbow.
The centaur shoots an arrow.
The arrow hits you!
The ball python bites you but does no damage.
The ball python grabs you. The ball python constricts you.
You hit the ball python.
You kill the ball python!
Trog accepts your kill.
You hit the endoplasm.
The centaur shoots an arrow.
You block the arrow. The endoplasm freezes you.
You are frozen.
The endoplasm freezes you.
You are frozen.
You are too injured to fight recklessly!
You are too injured to fight recklessly!
You are too injured to fight recklessly!
You are too injured to fight recklessly!
You are too injured to fight recklessly!
You are too injured to fight recklessly!
You are too injured to fight recklessly!
You are too injured to fight recklessly!
You are too injured to fight recklessly!
You are too injured to fight recklessly!
You are too injured to fight recklessly!
You are too injured to fight recklessly!
You are too injured to fight recklessly!
You are too injured to fight recklessly!
You are too injured to fight recklessly!
You are too injured to fight recklessly!
You are too injured to fight recklessly!
You are too injured to fight recklessly!
You are too injured to fight recklessly!
You are too injured to fight recklessly!
You feel very mighty all of a sudden.
The centaur unwields a +0 shortbow.
The centaur barely misses you.
The centaur kicks you but does no damage.
The endoplasm barely misses you.
You slash the centaur!
The centaur is heavily wounded.
You hit the endoplasm.
You kill the endoplasm!
Trog accepts your kill. You block the centaur's attack.
The centaur closely misses you. The centaur hits you. The centaur kicks you.
You barely miss the centaur.
The centaur is heavily wounded.
You block the centaur's attack. The centaur closely misses you.
You block the centaur's attack.
The centaur kicks you but does no damage.
The ogre hits you with a +0 giant club!
* * * LOW HITPOINT WARNING * * *
A red film seems to cover your vision as you go berserk!
You feel yourself moving faster!
You feel mighty! The centaur closely misses you.
The centaur kicks you but does no damage.
You slash the centaur!
The centaur is almost dead.
You slash the ogre! The centaur hits you.
* * * LOW HITPOINT WARNING * * *
The centaur kicks you but does no damage.
The ogre hits you with a +0 giant club!
You die...

##...## #.....? .
#.....# .# . #.....#
.# ### ..##$...##.#
#.. ...........##.#
#.# #.............#
#.# ##c@.## #.#
..#.O...#######.###
...................#
..........#########.#
....##...## ###.####
#.## ##.## #....... #
### #.#..... #.######
#


You could see an ogre and a centaur.

Vanquished Creatures
  A hound (D:3)
  6 adders
  An adder skeleton (D:4)
  4 worms
  4 dart slugs
  6 bats
  11 endoplasms
  3 giant cockroaches
  6 goblins
  10 hobgoblins
  12 jackals
  2 quokkas (D:3)
  8 ball pythons
  A frilled lizard (D:3)
  6 kobolds
  11 rats
92 creatures vanquished.

Notes
Turn   | Place    | Note
-------+----------+-------------------------------------------
     0 | D:1      | sleeves the Demonspawn Fighter began the quest for the Orb.
     0 | D:1      | Reached XP level 1. HP: 18/18 MP: 1/1
    39 | D:1      | Reached skill level 2 in Axes
   306 | D:1      | Gained mutation: Your touch may inflict minor irresistible
                  | damage on your foes. [demonic ancestry]
   306 | D:1      | Reached XP level 2. HP: 24/24 MP: 2/2
   433 | D:1      | Reached skill level 3 in Axes
   547 | D:1      | Gained mutation: A meltable shield of frost defends you.
                  | (SH +4) [demonic ancestry]
   547 | D:1      | Reached XP level 3. HP: 29/29 MP: 3/3
   609 | D:1      | Found Ezxuoph's Antique Armour Boutique.
   876 | D:1      | Found a faded altar of an unknown god.
   985 | D:1      | Prayed at the altar of an unknown god.
   985 | D:1      | Became a worshipper of Trog the Wrathful
   985 | D:1      | Reached * piety under Trog
  1348 | D:2      | Reached XP level 4. HP: 35/35 MP: 4/4
  1383 | D:2      | Reached skill level 4 in Axes
  1562 | D:2      | Reached ** piety under Trog
  2316 | D:3      | Reached skill level 5 in Axes
  2316 | D:3      | Reached XP level 5. HP: 41/41 MP: 5/5
  2544 | D:3      | Found a stormy altar of Qazlal.
  3129 | D:4      | Noticed a centaur
  3130 | D:4      | Noticed an ogre
  3135 | D:4      | HP: 7/41 [ogre (15)]
  3137 | D:4      | Slain by an ogre

Illustrated notes

Levels and vault maps discovered:
D:1:      dpeg_arrival_ratfight, layout_loops_ring, basic_ecumenical_altar,
          serial_shops, shop
D:2:      layout_loops_cross
D:3:      layout_rooms, nicolae_qazlal_eye_of_the_storm
D:4:      layout_loops_ring, uniq_blork_the_orc

Skill      XL: |  1  2  3  4 |
---------------+-------------+-----
Axes           | 2 3 5 |  5.3
Fighting       | |  3.0
Armour         | |  2.6
Shields        | |  2.6

Action                   |  1- 3 |  4- 6 || total
-------------------------+-------+-------++-------
Melee: War axe           |   119 |   124 ||   243
Invok: Berserk           |       |     1 ||     1
  Use: Potion            |       |     1 ||     1
Armor: Scale mail        |    42 |    46 ||    88
Dodge: Dodged            |    64 |    57 ||   121
Block: Buckler           |    43 |    67 ||   110

Table legend: (Time is in decaauts)
 A = Elapsed time spent in this place.
 B = Non-inter-level travel time spent in this place.
 C = Inter-level travel time spent in this place.
 D = Time resting spent in this place.
 E = Time spent auto-exploring this place.
 F = Levels seen in this place.
 G = Mean time per level.
                   A        B        C        D        E       F      G
               +--------+--------+--------+--------+--------+-----+--------+
         Total |   3218 |   3108 |    110 |      0 |   2553 |   4 |  804.5 |
       Dungeon |   3218 |   3108 |    110 |      0 |   2553 |   4 |  804.5 |
               +--------+--------+--------+--------+--------+-----+--------+

Top non-repeatable levels by time:
     D:2: 1127 daAuts
     D:1: 1118 daAuts
     D:3: 745 daAuts
     D:4: 228 daAuts
